 Dungeon Crawl Stone Soup version 0.27.1-1-g398f81649c (webtiles) character file.

Game seed: 2864708118945000062

16 Elvor the Sneak (level 2, 0/19 HPs)
             Began as a Gargoyle Delver on Sept 10, 2021.
             Slain by a phantom (5 damage)
             ... on level 4 of the Dungeon.
             The game lasted 00:06:18 (608 turns).

Elvor the Sneak (Gargoyle Delver)                    Turns: 608, Time: 00:06:19

Health: 0/19       AC:  8    Str: 15    XL:     2   Next: 58%
Magic:  2/2        EV:  9    Int: 10    God:
Gold:   34         SH:  0    Dex: 11    Spells: 1/1 levels left

rFire    . . .     SeeInvis .   a - +0 mace
rCold    . . .     Faith    .   (no shield)
rNeg     + . .     Spirit   .   k - +0 scale mail
rPois    ∞         Reflect  .   (no helmet)
rElec    +         Harm     .   (no cloak)
rCorr    .         Rampage  .   (no gloves)
Will     .....                  (no boots)
Stlth    ++........             (no amulet)
HPRegen  0.06/turn              (no ring)
MPRegen  0.08/turn              (no ring)

@: no status effects
A: sickness immunity, AC +2, negative energy resistance 1, electricity
resistance, torment resistance 1, petrification resistance
a: no special abilities


You were on level 4 of the Dungeon.
You visited 1 branch of the dungeon, and saw 2 of its levels.

You collected 34 gold pieces.

Inventory:

Hand Weapons
 a - a +0 mace (weapon)
Missiles
 l - 37 stones (quivered)
Armour
 b - a +0 leather armour
 i - a +0 ring mail
 k - a +0 scale mail (worn)
Wands
 g - a wand of digging (3)
 m - a wand of iceblast (9)
Scrolls
 c - a scroll of fog
 d - a scroll of magic mapping
 e - a scroll of fear
 j - a scroll of brand weapon {unknown}
Potions
 f - a potion of haste
 h - a potion of attraction {unknown}


   Skills:
 + Level 3.4 Fighting
 + Level 2.1 Maces & Flails
 + Level 0.3 Armour
 + Level 1.6 Dodging
 + Level 5.9 Stealth


You had one spell level left.
You didn't know any spells.
Your spell library contained the following spells:

 Spells                   Type           Power      Damage    Failure   Level
 Stone Arrow              Conj/Erth      0%         3d7       99%         3
 Animate Armour           Summ/Erth      0%         N/A       100%        4
 Lehudib's Crystal Spear  Conj/Erth      0%         10d2      100%        8


Dungeon Overview and Level Annotations

Branches:
Dungeon (5/15)             Temple (0/1) D:4

Altars:


Innate Abilities, Weirdness & Mutations

You are immune to sickness and miasma.
Your stone body is resilient. (AC +2)
You are immune to poison.
You resist negative energy. (rN+)
You are resistant to electric shocks. (rElec)
You are resistant to unholy torment.
You are immune to petrification.


Message History

You start resting.
HP restored.
You see here a +0 short sword.
Found 16 stones.
l - 18 stones (gained 16)
Found 19 stones.
Found a lead wand.
Found an escape hatch in the ceiling.
l - 37 stones (gained 19)
m - a wand of iceblast (9)
A phantom comes into view.
The phantom moves out of view.
The phantom hits you but does no damage.
A goblin comes into view. It is wielding a +0 dagger.
The goblin shouts!
The goblin hits you but does no damage.
Found 19 gold pieces.
The goblin hits you but does no damage.
Found a staircase to the Ecumenical Temple.
There is a stone staircase leading up here.
You barely miss the goblin. The goblin barely misses you.
The phantom hits you but does no damage.
You miss the goblin. The goblin hits you but does no damage.
The phantom hits you but does no damage.
The goblin hits you but does no damage.
You hit the goblin.
The goblin is severely wounded.
The phantom hits you. The goblin hits you with a +0 dagger.
The phantom hits you.
The phantom blinks!
You blink.
The goblin hits you with a +0 dagger.
There is a stone staircase leading up here.
You barely miss the goblin.
The goblin is severely wounded.
The goblin completely misses you.
The phantom hits you but does no damage.
You sock the goblin!
You kill the goblin!
The phantom hits you.
* * * LOW HITPOINT WARNING * * *
The phantom hits you.
You die...

#...........#$..#.
###.........###...#.....
......##..####...###....
..##..#....##..........
...............#.....#
.....#####...###..>..#
...#...........#.....#..
.###.###................
.# #.##.........@## ##
............W..#
.#.##...........#...
.##.##................
.. ....................
. >.##$...)............
. ##...<.........###
##.....#........
###############


You could see a phantom.

Vanquished Creatures
  An orc (D:4)
  A ball python (D:4)
  2 goblins (D:4)
  6 jackals (D:4)
  A quokka (D:5)
  A kobold (D:4)
12 creatures vanquished.

Notes
Turn   | Place    | Note
-------+----------+-------------------------------------------
     0 | D:5      | Elvor the Gargoyle Delver began the quest for the Orb.
     0 | D:5      | Reached XP level 1. HP: 14/14 MP: 1/1
     4 | D:5      | Noticed an ice beast
    66 | D:5      | Noticed a hound
   215 | D:4      | Reached XP level 2. HP: 14/19 MP: 2/2
   570 | D:4      | Noticed a phantom
   592 | D:4      | Found a staircase to the Ecumenical Temple.
   608 | D:4      | Slain by a phantom

Illustrated notes

Levels and vault maps discovered:
D:4:      layout_rooms, minmay_temple_entry_tees
D:5:      layout_cave_pools, uniq_crazy_yiuf_cottage

Action                   || total
-------------------------++-------
Melee: Mace              ||    50
 Stab: Sleeping          ||     1
Armor: Scale mail        ||    31
       Ring mail         ||     3
Dodge: Dodged            ||    33
